 Dungeon Crawl Stone Soup version 0.24.0-35-gdb84b6a5db (webtiles) character file.

Game seed: 6796532577087242501, levelgen mode: deterministic

18865 Delamore the Severer (level 12, -1/112 HPs)
             Began as a Hill Orc Fighter on Nov 19, 2019.
             Was a Priest of Qazlal.
             Slain by Jorgrun
             ... wielding a +0 quarterstaff of crushing
              (8 damage)
             ... on level 11 of the Dungeon.
             The game lasted 00:19:03 (12601 turns).

Delamore the Severer (Hill Orc Fighter)            Turns: 12601, Time: 00:19:04

Health: -1/112     AC: 19    Str: 29    XL:     12   Next: 63%
Magic:  12/12      EV:  4    Int:  8    God:    Qazlal [***...]
Gold:   680        SH: 16    Dex: 10    Spells: 11/11 levels left

rFire    . . .     SeeInvis .   a - +0 war axe
rCold    . . .     Gourm    .   j - +2 shield {AC+3}
rNeg     + . .     Faith    .   b - +0 scale mail
rPois    +         Spirit   .   H - +1 hat
rElec    .         Reflect  .   G - +2 cloak
rCorr    .         Harm     .   I - +0 pair of gloves
MR       ++...                  k - +2 pair of boots
Stlth    ..........             (no amulet)
HPRegen  0.28/turn              y - ring of positive energy
MPRegen  0.13/turn              C - ring of protection from magic

@: mighty, grasped by roots, constricted
A: magic resistance 1, poison resistance
a: Upheaval, Elemental Force, Renounce Religion


You were on level 11 of the Dungeon.
You worshipped Qazlal.
Qazlal was most pleased with you.
You were near starving.

You visited 2 branches of the dungeon, and saw 13 of its levels.
You also visited: Sewer.

You collected 680 gold pieces.

Inventory:

Hand Weapons
 a - a +0 war axe (weapon)
 Q - a cursed +3 battleaxe
Missiles
 h - 2 javelins (quivered)
Armour
 b - a +0 scale mail (worn)
 j - a +2 shield of protection (worn)
 k - a +2 pair of boots (worn)
 G - a +2 cloak (worn)
 H - a +1 hat (worn)
 I - a +0 pair of gloves (worn)
Jewellery
 s - an uncursed ring of positive energy
 y - a ring of positive energy (left hand)
 C - a ring of protection from magic (right hand)
 L - an uncursed ring of ice
 M - an uncursed ring of flight
Wands
 q - a wand of random effects (18)
 A - a wand of paralysis (15)
 D - a wand of iceblast (2)
 E - a wand of scattershot (4)
 J - a wand of acid (5)
 K - a wand of flame (20)
Scrolls
 g - a scroll of magic mapping
 n - 3 scrolls of blinking
 o - a scroll of fear
 p - 6 scrolls of remove curse
 r - a scroll of random uselessness {unknown}
 t - a scroll of amnesia
 v - a scroll of enchant weapon
 z - 4 scrolls of teleportation
 F - a scroll of silence
 N - a scroll of identify
 O - a scroll of vulnerability {unknown}
 P - a scroll of enchant armour {unknown}
Potions
 c - 4 potions of brilliance
 d - 3 potions of might
 e - a potion of resistance
 i - a potion of magic
 l - a potion of flight {unknown}
 m - 7 potions of curing
 u - a potion of ambrosia {unknown}
 w - a potion of mutation
 x - 4 potions of agility
 B - a potion of invisibility {unknown}
 R - a potion of lignification {unknown}
Comestibles
 f - 13 rations


   Skills:
 + Level 11.8 Fighting
 + Level 20.6 Axes
 - Level 5.8 Armour
 - Level 3.2 Shields


You had 11 spell levels left.
You didn't know any spells.
Your spell library contained the following spells:

 Spells                   Type           Power        Failure   Level  Hunger
 Animate Skeleton         Necr           N/A          99%         1    ##.....
 Apportation              Tloc           #.....       99%         1    ##.....
 Beastly Appendage        Tmut           #.....       99%         1    ##.....
 Confusing Touch          Hex            #.....       99%         1    ##.....
 Flame Tongue             Conj/Fire      #....        99%         1    ##.....
 Infusion                 Chrm           #...         99%         1    ##.....
 Magic Dart               Conj           #...         99%         1    ##.....
 Sting                    Conj/Pois      #...         99%         1    ##.....
 Summon Small Mammal      Summ           #...         99%         1    ##.....
 Blink                    Tloc           N/A          99%         2    ###....
 Call Imp                 Summ           #.......     99%         2    ###....
 Poisonous Vapours        Pois/Air       #.....       99%         2    ###....
 Searing Ray              Conj           #.....       99%         2    ###....
 Shroud of Golubria       Chrm/Tloc      #.....       99%         2    ###....
 Slow                     Hex            #.......     99%         2    ###....
 Song of Slaying          Chrm           #.......     99%         2    ###....
 Sticks to Snakes         Tmut           #.......     99%         2    ###....
 Throw Flame              Conj/Fire      #.....       99%         2    ###....
 Conjure Flame            Conj/Fire      #.......     100%        3    ####...
 Dazzling Spray           Conj/Hex       #.....       100%        3    ####...
 Inner Flame              Hex/Fire       #.......     100%        3    ####...
 Mephitic Cloud           Conj/Pois/Air  #.......     100%        3    ####...
 Regeneration             Chrm/Necr      #.........   100%        3    ####...
 Spectral Weapon          Hex/Chrm       #.......     100%        3    ####...
 Spider Form              Tmut/Pois      #.........   100%        3    ####...
 Force Lance              Conj/Tloc      #.......     100%        4    #####..
 Fulminant Prism          Conj/Hex       #.........   100%        4    #####..
 Ice Form                 Ice/Tmut       #.......     100%        4    #####..
 Iskenderun's Mystic Bla  Conj           #.......     100%        4    #####..
 Olgreb's Toxic Radiance  Pois           #.......     100%        4    #####..
 Sticky Flame             Conj/Fire      #.......     100%        4    #####..
 Blade Hands              Tmut           #.........   100%        5    ######.
 Fireball                 Conj/Fire      #.........   100%        5    ######.
 Venom Bolt               Conj/Pois      #.........   100%        5    ######.


Dungeon Overview and Level Annotations

Branches:
Dungeon (12/15)            Temple (1/1) D:7            Lair (0/6) D:11
  Sewer (visited)
    Orc: D:9-12

Altars:
Ashenzari
Cheibriados
Dithmenos
Elyvilon
Fedhas
Hepliaklqana
Kikubaaqudgha
Makhleb
Nemelex Xobeh
Okawaru
Qazlal
Ru
Sif Muna
Trog
Uskayaw
Vehumet
Wu Jian
Xom
Zin
The Shining One

Shops:
D:8 :

Annotations:
D:11 Jorgrun


Innate Abilities, Weirdness & Mutations

You are resistant to hostile enchantments. (MR+)
Your system is resistant to poisons. (rPois)


Message History

Jorgrun hits you with a +0 quarterstaff of crushing.
The grasping roots constrict you!
You hit Jorgrun.
Jorgrun is moderately wounded.
Your shield prevents you from hitting Jorgrun.
Jorgrun is moderately wounded.
Jorgrun hits you but does no damage. The grasping roots constrict you!
You hit Jorgrun.
Jorgrun is moderately wounded.
Jorgrun points at you and mumbles some strange words.
The wall shatters!
The blast of rock fragments hits you!
* * * LOW HITPOINT WARNING * * *
x2 The grasping roots constrict you.
Press: ? - help, v - describe, . - travel
Here: Jorgrun, wielding a +0 quarterstaff of crushing and wearing a +0 robe (moderately wounded)
The floor, spattered with blood.
You feel very mighty all of a sudden.
Jorgrun hits you with a +0 quarterstaff of crushing!
* * * LOW HITPOINT WARNING * * *
x2 You die...

.........#..[...#....#...########
.........#......#....#...##....#.
.........#....[[#....#...##.##.#.
.........#......#.>..+...##.##.#.
.........#.....['....#......##.#.
#####'####.....[#[...#...#####.#.
................######...#####.#.
.[)..()........○.g...(...##....#.
.÷...).)...#####@##########.#####
<..........#...#.°.......##.#####
####.#####.#...#.#...............
#..#)# #.#...#.#............÷..
#..#.# #.##'##.............[)>.
#..'.# #............########)).
#..#.# #.......#####.......####
#..#.# #.......#...#...........
...#.# #.......#.#.#...........


You could see Jorgrun.

Vanquished Creatures
  Gastronok (D:8)
  A hydra (D:7)
  Fannar (D:11)
  Erica (D:8)
  A two-headed ogre (D:10)
  2 unseen horrors
  A manticore (D:11)
  Maurice (D:8)
  A centaur skeleton (D:9)
  Psyche (D:9)
  2 kobold demonologists (D:11)
  A komodo dragon (D:11)
  A troll (D:11)
  Grinder (D:4)
  2 hippogriffs (D:10)
  A wyvern (D:11)
  A spriggan (D:8)
  19 yaks
  3 basilisks (D:11)
  3 porcupines (D:11)
  Duvessa (D:6)
  A water moccasin (D:6)
  7 ice beasts
  5 sky beasts
  5 phantoms
  4 black bears
  3 necrophages
  3 orc warriors
  An eye of draining (D:7)
  4 ogres
  5 centaurs
  3 big kobolds
  3 crocodiles
  7 bullfrogs
  2 scorpions
  Dowan (D:6)
  9 wights
  3 howler monkeys (D:9)
  2 crimson imps
  A quasit (D:9)
  2 jellies
  A bullfrog skeleton (D:10)
  6 hounds
  9 orc priests
  Jessica (D:2)
  Terence (D:3)
  3 iguanas
  12 orc wizards
  14 worker ants
  2 killer bee zombies
  2 worker ant zombies
  A howler monkey skeleton (D:9)
  4 adders
  2 shadow imps
  An ooze (Sewer)
  4 adder skeletons
  A worm (D:3)
  3 dart slugs
  3 leopard geckos
  32 orcs
  6 giant cockroaches
  12 goblins
  6 hobgoblins
  9 jackals
  A quokka (D:2)
  7 ball pythons
  9 bats
  6 frilled lizards
  A jackal skeleton (D:6)
  23 kobolds
  10 rats
309 creatures vanquished.

Vanquished Creatures (others)
  An unseen horror (D:12)
  3 fungi (D:11)
  11 plants (D:11)
15 creatures vanquished.

Grand Total: 324 creatures vanquished

Notes
Turn   | Place    | Note
-------+----------+-------------------------------------------
     0 | D:1      | Delamore the Hill Orc Fighter began the quest for the Orb.
     0 | D:1      | Reached XP level 1. HP: 19/19 MP: 1/1
    46 | D:1      | Reached skill level 3 in Axes
    62 | D:1      | Reached XP level 2. HP: 21/26 MP: 2/2
    68 | D:1      | Reached skill level 4 in Axes
   296 | D:1      | Reached XP level 3. HP: 31/31 MP: 3/3
   483 | D:1      | Reached skill level 5 in Axes
  1291 | D:2      | Noticed Jessica
  1295 | D:2      | Killed Jessica
  1295 | D:2      | Reached XP level 4. HP: 30/39 MP: 4/4
  1516 | D:3      | Reached skill level 6 in Axes
  1581 | D:3      | Noticed Terence
  1589 | D:3      | Killed Terence
  1879 | D:3      | Found a white marble altar of Elyvilon.
  2047 | D:3      | Reached XP level 5. HP: 45/45 MP: 5/5
  2118 | D:4      | Noticed a black bear
  2133 | D:4      | Killed a black bear
  2133 | D:4      | Reached skill level 7 in Axes
  2155 | D:4      | Reached skill level 8 in Axes
  2155 | D:4      | Reached XP level 6. HP: 10/51 MP: 6/6
  2415 | D:4      | Noticed Grinder
  2424 | D:4      | Reached skill level 9 in Axes
  2426 | D:4      | Paralysed by Grinder for 7 turns
  2446 | D:4      | Killed Grinder
  2446 | D:4      | Reached skill level 10 in Axes
  2446 | D:4      | Reached XP level 7. HP: 30/57 MP: 7/7
  2611 | D:4      | Found a glowing drain.
  2626 | Sewer    | Entered a sewer
  2717 | Sewer    | Reached skill level 11 in Axes
  3275 | D:5      | Entered Level 5 of the Dungeon
  3319 | D:5      | Reached XP level 8. HP: 64/64 MP: 8/8
  3740 | D:5      | Reached skill level 12 in Axes
  3932 | D:5      | Reached skill level 13 in Axes
  4460 | D:6      | Found a glowing silver altar of Zin.
  4464 | D:6      | Found a bloodstained altar of Trog.
  4728 | D:6      | Reached skill level 14 in Axes
  4728 | D:6      | Reached XP level 9. HP: 59/70 MP: 9/9
  4941 | D:6      | Found a hazy altar of Hepliaklqana.
  5341 | D:6      | Noticed Duvessa
  5341 | D:6      | Noticed Dowan
  5353 | D:6      | Killed Dowan
  5367 | D:6      | Killed Duvessa
  5938 | D:7      | Reached skill level 15 in Axes
  5976 | D:7      | Found a staircase to the Ecumenical Temple.
  6001 | Temple   | Entered the Ecumenical Temple
  6025 | Temple   | Became a worshipper of Qazlal Stormbringer
  6163 | D:7      | Noticed a seven-headed hydra
  6170 | D:7      | Killed a seven-headed hydra
  6170 | D:7      | Reached skill level 16 in Axes
  6243 | D:7      | Reached XP level 10. HP: 77/77 MP: 10/10
  6645 | D:7      | Reached skill level 17 in Axes
  6970 | D:7      | Found a shimmering altar of Xom.
  6974 | D:7      | Found a blossoming altar of Fedhas.
  6974 | D:7      | Found an ornate altar of the Wu Jian Council.
  6976 | D:7      | Found a hide-covered altar of Uskayaw.
  6977 | D:7      | Found a glowing golden altar of the Shining One.
  7262 | D:8      | Gained mutation: Your system is resistant to poisons.
                  | (rPois) [potion of mutation]
  7262 | D:8      | Gained mutation: You are resistant to hostile enchantments.
                  | (MR+) [potion of mutation]
  7262 | D:8      | Gained mutation: You are clumsy. (Dex -2) [potion of
                  | mutation]
  7262 | D:8      | Lost mutation: You are clumsy. (Dex -2) [potion of
                  | mutation]
  7341 | D:8      | Found Barchoafa's Book Boutique.
  7349 | D:8      | Reached * piety under Qazlal
  7360 | D:8      | Noticed Maurice
  7599 | D:8      | Found an ornate altar of the Wu Jian Council.
  7715 | D:8      | Killed Maurice
  7772 | D:8      | Reached skill level 18 in Axes
  7786 | D:8      | Noticed Erica
  7798 | D:8      | Killed Erica
  7835 | D:8      | Noticed Gastronok
  7859 | D:8      | Killed Gastronok
  7859 | D:8      | Reached skill level 5 in Armour
  7859 | D:8      | Reached XP level 11. HP: 22/89 MP: 11/11
  8011 | D:8      | Found a shadowy altar of Dithmenos.
  8517 | D:9      | Killed an unseen horror
  8686 | D:9      | Reached ** piety under Qazlal
  8805 | D:9      | Noticed Psyche
  8819 | D:9      | Killed Psyche
  8819 | D:9      | Reached skill level 19 in Axes
  9320 | D:9      | You fall into a shaft and drop 2 floors!
  9377 | D:11     | Noticed Fannar
  9431 | D:11     | Noticed a sixfirhy
  9463 | D:11     | Killed Fannar
  9845 | D:11     | Found a staircase to the Lair.
 10073 | D:11     | Reached XP level 12. HP: 74/106 MP: 12/12
 10079 | D:11     | Reached skill level 10 in Fighting
 10279 | D:10     | Entered Level 10 of the Dungeon
 10301 | D:10     | Reached *** piety under Qazlal
 10311 | D:10     | Noticed a two-headed ogre
 10323 | D:10     | Killed a two-headed ogre
 10323 | D:10     | Reached skill level 20 in Axes
 10623 | D:10     | Found a blossoming altar of Fedhas.
 11796 | D:11     | Identified the +8 whip "Kiukeici" {slash, rPois}
 11922 | D:11     | Reached **** piety under Qazlal
 12581 | D:12     | Noticed Jorgrun
 12601 | D:11     | Slain by Jorgrun

Levels and vault maps discovered:
D:1:      nicolae_arrival_memento_mori, layout_loops_ring
D:2:      layout_basic, uniq_jessica
D:3:      layout_basic, elyvilon_altar_1, uniq_terence
D:4:      layout_loops_ring, portal_sewer_entry_b, minmay_cut_off, uniq_grinder
D:5:      layout_gridville, first_ration
D:6:      layout_basic, grunt_temple_overflow_open, basic_altar, uniq_duvessa
D:7:      layout_layer_cave, minitemple, minmay_temple_entry_steel_oval
D:8:      layout_gridville, overflow_temple_1_default, serial_shops,
          nicolae_shop_waterfront, basic_altar, the_bakery, uniq_maurice,
          uniq_gastronok, uniq_erica
D:9:      layout_long_grid, uniq_psyche
D:10:     layout_irregular_city, fedhas_altar_3
D:11:     layout_irregular_city, minmay_lair_entry_grove,
          serial_co_window_serial, co_window_paths_a, co_window_corner_a,
          co_window_of_opportunity_a, co_window_corner_a, co_window_cross_1,
          co_window_of_opportunity_a, co_window_2corner, co_window_broadway_a,
          co_window_broadway_b, co_window_4corner_a, glass_columns_a,
          uniq_fannar
D:12:     minmay_bloctagon_deflated, layout_small_grid,
          minmay_orc_entry_temple_small, jiyva_altar_1, uniq_jorgrun,
          uniq_josephine
Temple:   cyrus_circular_temple

Skill      XL: |  1  2  3  4  5  6  7  8  9 10 11 12 |
---------------+-------------------------------------+-----
Axes           | 3 4 5 6 8 10 11 14 16 18 19 20 | 20.6
Fighting       | 6 9 11 | 11.8
Armour         | 5 |  5.8
Shields        | |  3.2

Action                   |  1- 3 |  4- 6 |  7- 9 | 10-12 || total
-------------------------+-------+-------+-------+-------++-------
Melee: War axe           |    90 |    98 |   427 |   637 ||  1252
Throw: Javelin           |       |     2 |       |     6 ||     8
Evoke: Wand              |       |       |     7 |       ||     7
  Use: Scroll            |       |     3 |     5 |     6 ||    14
       Potion            |       |       |       |     3 ||     3
  Eat: Chunk             |     1 |     4 |    13 |    19 ||    37
Armor: Scale mail        |    26 |    53 |   154 |   235 ||   468
Dodge: Dodged            |    34 |    32 |    80 |   116 ||   262
Block: Shield            |    42 |    56 |   189 |   416 ||   703
